 Dungeon Crawl Stone Soup version 0.25-a0-1024-gbfbf38f2cb (webtiles) character file.

Game seed: 1879366627084878096, levelgen mode: deterministic

11419 Flugslaktarn the Cleaver (level 11, -5/124 HPs)
             Began as a Naga Fighter on May 12, 2020.
             Was an Initiate of Gozag.
             Slain by a 12-headed hydra (9 damage)
             ... on level 1 of the Lair of Beasts.
             The game lasted 00:07:57 (16146 turns).

Flugslaktarn the Cleaver (Naga Fighter)            Turns: 16146, Time: 00:07:58

Health: -5/124     AC: 21    Str: 26    XL:     11   Next: 77%
Magic:  11/11      EV:  6    Int:  9    God:    Gozag
Gold:   845        SH: 11    Dex: 10    Spells: 10/10 levels left

rFire    + . .     SeeInvis +   a - +1 broad axe (freeze)
rCold    . . .     Gourm    .   c - +0 kite shield
rNeg     . . .     Faith    .   u - +7 chain mail of the Slug {*Corrode rPois Str+4 SInv}
rPois    +         Spirit   .   (no helmet)
rElec    .         Reflect  .   (no cloak)
rCorr    .         Harm     .   k - +2 pair of gloves
MR       ++...                  (no barding)
Stlth    ..........             (no amulet)
HPRegen  0.30/turn              f - ring of protection from fire
MPRegen  0.12/turn              m - ring of protection from magic

@: gold aura, very slow
A: large, see invisible, deformed body, poison resistance, robust 2, shaggy fur
1, slowness 2, slow metabolism 1, spit poison 1, AC +3
a: Spit Poison, Potion Petition, Call Merchant, Bribe Branch, Renounce Religion


You were on level 1 of the Lair of Beasts.
You worshipped Gozag.
Gozag was pleased with you.
You were not hungry.

You visited 2 branches of the dungeon, and saw 12 of its levels.

You collected 1783 gold pieces.
You spent 209 gold pieces at shops.
You paid 729 gold pieces to Gozag.

Inventory:

Hand Weapons
 a - a +1 broad axe of freezing (weapon)
   (You acquired it on level 9 of the Dungeon)
 b - a +3 scimitar of flaming
   (You took it off Erica on level 11 of the Dungeon)
Missiles
 g - 2 throwing nets (quivered)
Armour
 c - a +0 kite shield (worn)
 k - a +2 pair of gloves (worn)
   (You found it on level 7 of the Dungeon)
 s - a +0 plate armour
   (You took it off an orc warrior on level 7 of the Dungeon)
 u - the +7 chain mail of the Slug (worn) {*Corrode rPois Str+4 SInv}
   (You bought it in a shop on level 1 of the Lair of Beasts)

   It affects your strength (+4).
   It protects you from poison.
   It lets you see invisible.
   It may corrode you when you take damage.
Jewellery
 f - a ring of protection from fire (left hand)
   (You took it off an orc on level 8 of the Dungeon)
 m - a ring of protection from magic (right hand)
   (You found it on level 10 of the Dungeon)
Wands
 v - a wand of disintegration (29)
   (You found it on level 5 of the Dungeon)
 w - a wand of enslavement (6)
   (You found it on level 5 of the Dungeon)
Scrolls
 l - 2 scrolls of fear
 p - a scroll of enchant armour
 q - a scroll of fog
 r - 4 scrolls of identify
 t - 3 scrolls of teleportation
 x - 5 scrolls of remove curse
 z - 2 scrolls of blinking
Potions
 d - 2 potions of brilliance
 h - 2 potions of haste
 i - a potion of invisibility
 j - 3 potions of flight
 o - a potion of mutation
Comestibles
 e - 18 rations


   Skills:
 + Level 8.8 Fighting
 * Level 11.7 Axes
 + Level 7.3 Armour
 + Level 7.3 Shields


You had 10 spell levels left.
You didn't know any spells.
Your spell library was empty.

Dungeon Overview and Level Annotations

Branches:
Dungeon (11/15)            Temple (0/1) D:7            Lair (1/6) D:8
    Orc: D:9-12

Altars:
Ashenzari
Cheibriados
Dithmenos
Gozag
Nemelex Xobeh
Ru
Trog
Vehumet
Xom
Yredelemnul
Zin

Shops:
D:7 (   Lair:1 [

Annotations:
D:5 1 runed translucent door, coffeespoons's ghost, novice MfFi
D:11 3 runed translucent doors, Fannar


Innate Abilities, Weirdness & Mutations

You cannot wear boots.
Your serpentine skin is tough. (AC +3)
You have supernaturally acute eyesight. (SInv)
Armour fits poorly on your strangely shaped body.
Your system is resistant to poisons. (rPois)
You cover ground very slowly.
You have a slow metabolism.
You can spit poison.
You are very robust. (+20% HP)
You are covered in fur. (AC +1)


Message History

The 11-headed hydra bites you but does no damage.
You block the 11-headed hydra's attack.
The 11-headed hydra bites you but does no damage.
You lop one of the 11-headed hydra's heads off!
The ten-headed hydra grows two more!
You slash the 12-headed hydra!
The 12-headed hydra seems to slow down.
You freeze the 12-headed hydra!
The 12-headed hydra is heavily wounded.
The 12-headed hydra bites you!
* * * LOW HITPOINT WARNING * * *
The 12-headed hydra bites you!
* * * LOW HITPOINT WARNING * * *
The 12-headed hydra barely misses you.
The 12-headed hydra bites you but does no damage.
You block the 12-headed hydra's attack. The 12-headed hydra bites you.
* * * LOW HITPOINT WARNING * * *
You block the 12-headed hydra's attack. The 12-headed hydra bites you!
* * * LOW HITPOINT WARNING * * *
The 12-headed hydra bites you!
You die...
Your body crumbles into a pile of gold.

...# ...## ###....#
#.....# ##....#
##....# ##...$## ###
### #....$.##
#.######.###..##@..#
..........=....##D...#
.............### #...#
....#^.....### #...#
.######..### ....# P#
#### #... .# ... ## .#
##


You could see a 12-headed hydra (slow).

Vanquished Creatures
  2 two-headed ogres
  Erica (D:11)
  A rime drake (Lair:1)
  2 trolls
  Grinder (D:4)
  4 hippogriffs
  9 yaks (Lair:1)
  A wyvern (D:8)
  A basilisk (Lair:1)
  3 wargs (D:8)
  A soldier ant (D:11)
  A water moccasin (Lair:1)
  A porcupine (Lair:1)
  2 sky beasts
  4 ogres
  3 orc warriors
  5 ice beasts
  2 centaurs
  A crocodile (Lair:1)
  6 bullfrogs
  A wyvern zombie (D:10)
  2 scorpions
  A water moccasin skeleton (D:4)
  2 killer bees (D:8)
  9 wights (D:11)
  5 howler monkeys
  3 crimson imps
  3 centaur zombies
  5 bullfrog skeletons
  3 bullfrog zombies
  4 hounds
  4 jellies
  3 orc priests
  15 orc wizards
  Natasha (D:4)
  3 iguanas
  5 worker ants
  A worker ant zombie (D:5)
  12 gnolls
  8 adders
  A shadow imp (D:11)
  An ooze (D:1)
  2 adder zombies
  An adder skeleton (D:8)
  4 worms
  4 dart slugs
  6 leopard geckos
  45 orcs
  5 bats
  10 giant cockroaches
  8 goblins
  4 hobgoblins
  4 jackals
  9 kobolds
  7 quokkas
  6 frilled lizards
  2 leopard gecko skeletons
  16 rats
276 creatures vanquished.

Vanquished Creatures (collateral kills)
  Psyche (D:8)
  2 killer bees (D:8)
  An orc (D:7)
4 creatures vanquished.

Vanquished Creatures (others)
  A plant (Lair:1)
1 creature vanquished.

Grand Total: 281 creatures vanquished

Notes
Turn   | Place    | Note
-------+----------+-------------------------------------------
     0 | D:1      | Flugslaktarn the Naga Fighter began the quest for the Orb.
     0 | D:1      | Reached XP level 1. HP: 21/21 MP: 1/1
   426 | D:1      | Reached XP level 2. HP: 19/28 MP: 2/2
  1248 | D:1      | Reached XP level 3. HP: 32/34 MP: 3/3
  2313 | D:2      | Reached skill level 3 in Axes
  2322 | D:2      | Reached XP level 4. HP: 37/42 MP: 4/4
  3633 | D:3      | Reached XP level 5. HP: 43/49 MP: 5/5
  4595 | D:3      | Reached skill level 4 in Axes
  4662 | D:4      | Reached XP level 6. HP: 41/57 MP: 6/6
  4753 | D:4      | Found a shattered altar of Ashenzari.
  4850 | D:4      | Noticed Grinder
  4865 | D:4      | Killed Grinder
  4865 | D:4      | Reached skill level 5 in Axes
  4865 | D:4      | Reached XP level 7. HP: 7/66 MP: 7/7
  5266 | D:4      | Noticed Natasha
  5282 | D:4      | Killed Natasha
  5475 | D:5      | Entered Level 5 of the Dungeon
  5487 | D:5      | Found a runed translucent door.
  5735 | D:5      | Noticed an angel
  5738 | D:5      | Found a glowing silver altar of Zin.
  5738 | D:5      | Found a shimmering altar of Xom.
  6320 | D:5      | Reached XP level 8. HP: 73/73 MP: 8/8
  6404 | D:5      | Gained mutation: You are robust. (+10% HP) [potion of
                  | mutation]
  6404 | D:5      | Gained mutation: You evolve. [potion of mutation]
  6404 | D:5      | Gained mutation: You are very robust. (+20% HP) [potion of
                  | mutation]
  6407 | D:5      | Reached skill level 6 in Axes
  6409 | D:5      | Reached skill level 5 in Fighting
  7003 | D:5      | Noticed coffeespoons's ghost (novice MfFi)
  7339 | D:6      | Found an opulent altar of Gozag.
  7436 | D:6      | Became a worshipper of Gozag Ym Sagoz the Greedy
  7685 | D:6      | Found a bloodstained altar of Trog.
  7695 | D:6      | Found a sparkling altar of Nemelex Xobeh.
  8591 | D:7      | Reached skill level 7 in Axes
  8675 | D:7      | Gained mutation: You are covered in fur. (AC +1)
                  | [evolution]
  8675 | D:7      | Lost mutation: You evolve. [end of evolution]
  9093 | D:7      | Found a snail-covered altar of Cheibriados.
  9113 | D:7      | Reached XP level 9. HP: 95/98 MP: 9/9
  9511 | D:7      | Reached skill level 5 in Armour
  9511 | D:7      | Reached skill level 5 in Shields
  9721 | D:7      | Found Fejexal's Weapon Shop.
  9801 | D:7      | Found a staircase to the Ecumenical Temple.
  9808 | D:7      | Reached skill level 8 in Axes
 10357 | D:8      | Found a staircase to the Lair.
 10397 | D:8      | Found a sacrificial altar of Ru.
 10407 | D:8      | Found a shadowy altar of Dithmenos.
 10453 | D:8      | Found an opulent altar of Gozag.
 10955 | D:8      | Reached skill level 9 in Axes
 10957 | D:8      | Noticed Psyche
 10966 | D:8      | Killed Psyche
 10966 | D:8      | Reached XP level 10. HP: 60/110 MP: 10/10
 11785 | D:9      | Identified a scroll of acquirement
 11785 | D:9      | Identified the amulet "Socion" {Fragile +Rage rF+ Str+3}
                  | (You acquired it on level 9 of the Dungeon)
 12209 | D:9      | Found a radiant altar of Vehumet.
 12426 | D:10     | Entered Level 10 of the Dungeon
 12663 | D:10     | Noticed a two-headed ogre
 12668 | D:10     | Killed a two-headed ogre
 12668 | D:10     | Reached skill level 10 in Axes
 13705 | D:11     | Noticed Erica
 13732 | D:11     | Killed Erica
 13732 | D:11     | Reached XP level 11. HP: 34/123 MP: 11/11
 14160 | D:11     | Noticed Fannar
 14490 | D:11     | Found a basalt altar of Yredelemnul.
 14562 | D:11     | Reached skill level 11 in Axes
 14693 | D:11     | Noticed a two-headed ogre
 14704 | D:11     | Killed a two-headed ogre
 15152 | D:11     | Found a runed translucent gate.
 15152 | D:11     | Found a runed translucent gate.
 15153 | D:11     | Found a runed translucent gate.
 15153 | D:11     | Noticed a cyan ugly thing
 15153 | D:11     | Noticed a purple ugly thing
 15153 | D:11     | Noticed a white ugly thing
 15154 | D:11     | Noticed a cyan ugly thing
 15155 | D:11     | Noticed a glowing orange brain
 15437 | Lair:1   | Entered Level 1 of the Lair of Beasts
 15441 | Lair:1   | Bought a slimy chain mail for 209 gold pieces
 15451 | Lair:1   | Identified the +7 chain mail of the Slug {*Corrode rPois
                  | Str+4 SInv} (You bought it in a shop on level 1 of the Lair
                  | of Beasts)
 15535 | Lair:1   | Noticed a four-headed hydra
 16146 | Lair:1   | HP: 4/124 [12-headed hydra (10)]
 16146 | Lair:1   | Slain by a 12-headed hydra

Illustrated notes

Levels and vault maps discovered:
D:1:      wander_arrival_estate, layout_basic, minmay_rat_gold_closets
D:2:      minmay_roachtagon, layout_basic, first_ration, minmay_liquid_box
D:3:      layout_basic
D:4:      layout_basic, lemuel_doored_altar, uniq_natasha, uniq_grinder
D:5:      layout_loops_ring, grunt_temple_overflow_order_and_chaos_1,
          ebering_ghost_reflecting_pool
D:6:      layout_gridville, nicolae_gozag_cash_rules_everything_around_me,
          amethyst_overflow_temple_binary, hex_medium, serial_bayou_pond_c
D:7:      layout_loops_cross, cheibriados_altar_1, minmay_temple_entry_mist,
          serial_shops, shop, grunt_ogre_cave
D:8:      layout_loops_ring, lemuel_crystal_altar,
          nicolae_dithmenos_through_a_glass_darkly, erik_lair_orcish_takeover,
          basic_altar, uniq_psyche
D:9:      layout_rooms, kennysheep_mini
D:10:     layout_loops_ring
D:11:     layout_roguey, ploomutoo_gammafunk_ghost_potion_laboratory,
          basic_altar, uniq_fannar, uniq_erica
Lair:1:   layout_concentric_octagons, infiniplex_staircase_pool_2

Skill      XL: |  1  2  3  4  5  6  7  8  9 10 11 |
---------------+----------------------------------+-----
Axes           | 3 4 5 7 9 10 11 | 11.7
Armour         | 3 4 5 6 7 |  7.3
Shields        | 3 4 5 6 7 |  7.3
Fighting       | 4 5 6 8 |  8.8

Action                   |  1- 3 |  4- 6 |  7- 9 | 10-12 || total
-------------------------+-------+-------+-------+-------++-------
Melee: War axe           |   146 |   171 |   389 |    59 ||   765
       Broad axe         |       |       |       |   291 ||   291
Invok: Potion Petition   |       |       |       |     1 ||     1
       Call Merchant     |       |       |       |     1 ||     1
 Abil: Spit Poison       |     2 |     3 |    11 |     1 ||    17
Evoke: Wand              |       |       |     9 |     3 ||    12
  Use: Scroll            |     2 |     1 |    11 |     8 ||    22
       Potion            |     1 |     2 |     6 |     1 ||    10
 Stab: Distracted        |       |       |     2 |       ||     2
  Eat: Chunk             |     2 |     8 |     3 |       ||    13
       Ration            |       |       |     4 |     4 ||     8
Armor: Scale mail        |    80 |    61 |    69 |       ||   210
       Plate armour      |       |       |    96 |   166 ||   262
       Chain mail        |       |       |       |    63 ||    63
Dodge: Dodged            |    31 |    34 |    84 |    51 ||   200
Block: Kite shield       |    80 |    83 |   202 |   192 ||   557

Table legend:
 A = Non-vault XP
 B = Vault XP
 C = Vault XP percentage of total XP
 D = Non-vault monster count
 E = Vault monster count
 F = Vault count percentage of total count
                 A         B        C        D         E       F
            +---------+---------+-------+---------+---------+-------
      Total |   13861 |    2453 |  15.0 |     247 |      33 |  11.8
            +---------+---------+-------+---------+---------+-------
        D:1 |      36 |       9 |  20.0 |      17 |       9 |  34.6
        D:2 |      69 |      18 |  20.7 |      17 |       9 |  34.6
        D:3 |     172 |       0 |   0.0 |      35 |       0 |   0.0
        D:4 |     118 |     313 |  72.6 |       5 |       2 |  28.6
        D:5 |     819 |       0 |   0.0 |      24 |       0 |   0.0
        D:6 |     447 |       0 |   0.0 |      17 |       0 |   0.0
        D:7 |    1042 |     122 |  10.5 |      30 |       1 |   3.2
        D:8 |    1091 |    1052 |  49.1 |      20 |      11 |  35.5
        D:9 |     838 |       0 |   0.0 |      14 |       0 |   0.0
       D:10 |    2160 |       0 |   0.0 |      24 |       0 |   0.0
       D:11 |    4003 |     939 |  19.0 |      29 |       1 |   3.3
     Lair:1 |    3066 |       0 |   0.0 |      15 |       0 |   0.0
            +---------+---------+-------+---------+---------+-------
